% Time on Ice - BANFF WOLVES
Lines # - Real PCT - Wanted PCT - Time Play
Normal Forward
1 - 33% - 36% - 15:58
2 - 28% - 31% - 13:44
3 - 26% - 23% - 12:35
4 - 13% - 10% - 6:08
Normal Defense
1 - 35% - 36% - 17:10
2 - 36% - 31% - 17:13
3 - 27% - 23% - 13:15
4 - 2% - 10% - 0:47
PP Forward
1 - 44% - 55% - 0:25
2 - 56% - 45% - 0:32
PP Defense
1 - 56% - 65% - 0:32
2 - 44% - 35% - 0:25
PK Forward
1 - 56% - 55% - 5:56
2 - 44% - 45% - 4:42
PK Defense
1 - 82% - 55% - 8:45
2 - 18% - 45% - 1:53
PK3 Forward
1 - 0% - 55%
2 - 0% - 45%
PK3 Defense
1 - 0% - 55%
2 - 0% - 45%
44 Forward
1 - 84% - 55% - 0:52
2 - 16% - 45% - 0:10
44 Defense
1 - 84% - 65% - 0:52
2 - 16% - 35% - 0:10
Last Minute Offensive  - 0:00
Last Minute Defensive  - 0:00
Total
Forward - 61:02
Defense - 61:02
% Time on Ice - ANAHEIM OUTLAWS
Lines # - Real PCT - Wanted PCT - Time Play
Normal Forward
1 - 30% - 29% - 14:38
2 - 28% - 29% - 13:33
3 - 26% - 26% - 12:46
4 - 15% - 16% - 7:28
Normal Defense
1 - 34% - 36% - 16:34
2 - 35% - 31% - 16:59
3 - 27% - 23% - 13:03
4 - 4% - 10% - 1:49
PP Forward
1 - 55% - 55% - 5:53
2 - 45% - 45% - 4:45
PP Defense
1 - 48% - 55% - 5:07
2 - 52% - 45% - 5:31
PK Forward
1 - 88% - 55% - 0:50
2 - 12% - 45% - 0:07
PK Defense
1 - 54% - 55% - 0:31
2 - 46% - 45% - 0:26
PK3 Forward
1 - 90% - 55% - 0:56
2 - 10% - 45% - 0:06
PK3 Defense
1 - 18% - 55% - 0:11
2 - 82% - 45% - 0:51
44 Forward
1 - 0% - 55%
2 - 0% - 45%
44 Defense
1 - 0% - 55%
2 - 0% - 45%
Last Minute Offensive  - 0:00
Last Minute Defensive  - 0:00
Total
Forward - 61:02
Defense - 61:02
Play-by-Play 1st period 0:01 of 1st period - John Tavares wins face-off versus Jack Eichel in neutral zone. 0:04 of 1st period - Shot by Sam Reinhart. 0:04 of 1st period - Shot Misses the Net. 0:06 of 1st period - Shot by Kevin Fiala. 0:06 of 1st period - Shot Misses the Net. 0:10 of 1st period - Shot by Kevin Fiala. 0:10 of 1st period - Stopped by Ilya Samsonov with a rebound. 0:12 of 1st period - Shot by Morgan Rielly. 0:12 of 1st period - Shot Misses the Net. 0:14 of 1st period - Shot by Kevin Fiala. 0:14 of 1st period - Shot Misses the Net. 0:16 of 1st period - Shot by Morgan Rielly. 0:16 of 1st period - Stopped by Ilya Samsonov without a rebound. 0:17 of 1st period - Mikael Backlund wins face-off versus Jordan Staal in BANFF WOLVES zone. 0:19 of 1st period - Icing by Alex Tuch. 0:20 of 1st period - Mikael Backlund wins face-off versus Sam Bennett in BANFF WOLVES zone. 1:26 of 1st period - Shot by James van Riemsdyk. 1:26 of 1st period - Stopped by Pekka Rinne without a rebound. 1:27 of 1st period - Frederik Gauthier wins face-off versus Jack Eichel in ANAHEIM OUTLAWS zone. 1:35 of 1st period - Minor Penalty to Kevin Labanc for Holding. 1:36 of 1st period - Jack Eichel wins face-off versus John Tavares in BANFF WOLVES zone. 1:57 of 1st period - Shot by Keith Yandle. 1:57 of 1st period - Stopped by Ilya Samsonov without a rebound. 1:58 of 1st period - Jordan Staal wins face-off versus Nikita Gusev in BANFF WOLVES zone. 2:41 of 1st period - Shot by Kasperi Kapanen. 2:41 of 1st period - Stopped by Ilya Samsonov without a rebound. 2:42 of 1st period - John Tavares wins face-off versus Nikita Gusev in BANFF WOLVES zone. 2:47 of 1st period - Shot by Sam Reinhart. 2:47 of 1st period - Shot Blocked by Mikhail Sergachev. 2:49 of 1st period - Shot by Kevin Fiala. 2:49 of 1st period - Shot Blocked by Miro Heiskanen. 2:51 of 1st period - Shot by Morgan Rielly. 2:51 of 1st period - Shot Misses the Net. 2:53 of 1st period - Shot by Sam Reinhart. 2:53 of 1st period - Shot Misses the Net. 2:55 of 1st period - Shot by Kevin Fiala. 2:55 of 1st period - Deflect By John Tavares. 2:55 of 1st period - Stopped by Ilya Samsonov with a rebound. 3:01 of 1st period - Shot by Sam Reinhart. 3:01 of 1st period - Stopped by Ilya Samsonov with a rebound. 3:15 of 1st period - Shot by Kevin Fiala. 3:15 of 1st period - Deflect By Sam Reinhart. 3:15 of 1st period - Stopped by Ilya Samsonov without a rebound. 3:16 of 1st period - Jordan Staal wins face-off versus Jack Eichel in BANFF WOLVES zone. 3:29 of 1st period - Shot by Adrian Kempe. 3:29 of 1st period - Shot Blocked by Jack Eichel. 3:43 of 1st period - Shot by Joey Anderson. 3:43 of 1st period - Stopped by Ilya Samsonov without a rebound. 3:44 of 1st period - John Tavares wins face-off versus Jeff Carter in BANFF WOLVES zone. 3:53 of 1st period - Shot by Sam Reinhart. 3:53 of 1st period - Shot Misses the Net. 4:17 of 1st period - John Tavares is hit by Jamie Oleksiak and loses puck. 5:00 of 1st period - Shot by Jordan Staal. 5:00 of 1st period - Goal by Jordan Staal - BANFF WOLVES : 0 - ANAHEIM OUTLAWS : 1. 5:01 of 1st period - Mikael Backlund wins face-off versus Sam Bennett in neutral zone. 5:11 of 1st period - Roope Hintz is hit by Jake Gardiner and loses puck. 5:22 of 1st period - Mikael Backlund is hit by Sam Bennett and loses puck. 5:44 of 1st period - Alex Tuch is hit by Justin Faulk and loses puck. 6:36 of 1st period - Shot by Jordan Staal. 6:36 of 1st period - Stopped by Ilya Samsonov without a rebound. 6:37 of 1st period - John Tavares wins face-off versus Antti Suomela in BANFF WOLVES zone. 6:42 of 1st period - Shot by Sam Reinhart. 6:42 of 1st period - Shot Misses the Net. 6:54 of 1st period - Shot by Sam Reinhart. 6:54 of 1st period - Shot Blocked by Jamie Oleksiak. 7:58 of 1st period - Shot by Kevin Labanc. 7:58 of 1st period - Stopped by Pekka Rinne without a rebound. 7:59 of 1st period - Jeff Carter wins face-off versus Frederik Gauthier in ANAHEIM OUTLAWS zone. 8:04 of 1st period - Shot by Rocco Grimaldi. 8:04 of 1st period - Goal by Rocco Grimaldi - BANFF WOLVES : 1 - ANAHEIM OUTLAWS : 1. 8:05 of 1st period - Frederik Gauthier wins face-off versus Jack Eichel in neutral zone. 8:09 of 1st period - Morgan Rielly is hit by Mikhail Sergachev and loses puck. 8:15 of 1st period - Minor Penalty to Mikhail Sergachev for Roughing. 8:16 of 1st period - Mikael Backlund wins face-off versus Kevin Fiala in BANFF WOLVES zone. 8:37 of 1st period - Shot by John Tavares. 8:37 of 1st period - Stopped by Ilya Samsonov without a rebound. 8:38 of 1st period - Jack Eichel wins face-off versus Adrian Kempe in BANFF WOLVES zone. 8:58 of 1st period - Shot by Morgan Rielly. 8:58 of 1st period - Stopped by Ilya Samsonov without a rebound. 8:59 of 1st period - Jack Eichel wins face-off versus John Tavares in BANFF WOLVES zone. 9:26 of 1st period - Icing by Kevin Fiala. 9:27 of 1st period - Jack Eichel wins face-off versus John Tavares in ANAHEIM OUTLAWS zone. 9:29 of 1st period - Mikael Backlund is hit by Patrik Nemeth and loses puck. 9:48 of 1st period - Icing by Noah Hanifin. 9:49 of 1st period - John Tavares wins face-off versus Nikita Gusev in ANAHEIM OUTLAWS zone. 10:06 of 1st period - Icing by Noah Hanifin. 10:07 of 1st period - John Tavares wins face-off versus Jack Eichel in ANAHEIM OUTLAWS zone. 10:07 of 1st period - John Tavares is hit by Mikael Backlund. 10:22 of 1st period - Taylor Fedun is hit by Jordan Staal and loses puck. 10:30 of 1st period - Kasperi Kapanen is hit by Mikhail Sergachev and loses puck. 10:43 of 1st period - Morgan Rielly is hit by Mike Ferland and loses puck. 11:08 of 1st period - Icing by Taylor Fedun. 11:09 of 1st period - Antti Suomela wins face-off versus Frederik Gauthier in BANFF WOLVES zone. 11:09 of 1st period - Antti Suomela is hit by Frederik Gauthier. 11:22 of 1st period - Icing by Justin Faulk. 11:23 of 1st period - Frederik Gauthier wins face-off versus Jack Eichel in ANAHEIM OUTLAWS zone. 13:01 of 1st period - John Tavares is hit by Jamie Oleksiak. 13:20 of 1st period - Icing by Kevin Fiala. 13:21 of 1st period - John Tavares wins face-off versus Jeff Carter in ANAHEIM OUTLAWS zone. 13:33 of 1st period - Minor Penalty to James van Riemsdyk for Hooking. 13:34 of 1st period - Jordan Staal wins face-off versus Nikita Gusev in BANFF WOLVES zone. 13:41 of 1st period - Shot by Adrian Kempe. 13:41 of 1st period - Shot Blocked by Mikhail Sergachev. 13:53 of 1st period - Shot by Jordan Staal. 13:53 of 1st period - Stopped by Ilya Samsonov without a rebound. 13:54 of 1st period - Jordan Staal wins face-off versus Jack Eichel in BANFF WOLVES zone. 15:26 of 1st period - Shot by John Tavares. 15:26 of 1st period - Stopped by Ilya Samsonov without a rebound. 15:27 of 1st period - Sam Reinhart wins face-off versus Nikita Gusev in BANFF WOLVES zone. 15:28 of 1st period - Shot by John Tavares. 15:28 of 1st period - Stopped by Ilya Samsonov without a rebound. 15:29 of 1st period - John Tavares wins face-off versus Nikita Gusev in BANFF WOLVES zone. 15:34 of 1st period - Shot by John Tavares. 15:34 of 1st period - Stopped by Ilya Samsonov with a rebound. 15:54 of 1st period - Shot by James van Riemsdyk. 15:54 of 1st period - Stopped by Pekka Rinne without a rebound. 15:55 of 1st period - Joey Anderson wins face-off versus Jack Eichel in ANAHEIM OUTLAWS zone. 15:55 of 1st period - Joey Anderson is hit by Kevin Labanc. 16:03 of 1st period - Kevin Labanc is hit by Pierre Engvall and loses puck. 16:24 of 1st period - Shot by Jack Eichel. 16:24 of 1st period - Stopped by Pekka Rinne with a rebound. 17:55 of 1st period - Minor Penalty to Mikhail Sergachev for Hooking. 17:56 of 1st period - John Tavares wins face-off versus Nikita Gusev in BANFF WOLVES zone. 17:57 of 1st period - Shot by Sam Reinhart. 17:57 of 1st period - Stopped by Ilya Samsonov without a rebound. 17:58 of 1st period - John Tavares wins face-off versus Nikita Gusev in BANFF WOLVES zone. 17:59 of 1st period - Shot by Kevin Fiala. 17:59 of 1st period - Stopped by Ilya Samsonov without a rebound. 18:00 of 1st period - John Tavares wins face-off versus Nikita Gusev in BANFF WOLVES zone. 18:08 of 1st period - Icing by Keith Yandle. 18:09 of 1st period - Nikita Gusev wins face-off versus John Tavares in ANAHEIM OUTLAWS zone. 18:32 of 1st period - Shot by John Tavares. 18:32 of 1st period - Shot Misses the Net. 19:18 of 1st period - Shot by Jordan Staal. 19:18 of 1st period - Shot Misses the Net. 19:20 of 1st period - Shot by Patrik Nemeth. 19:20 of 1st period - Shot Misses the Net. 19:47 of 1st period - Off-side. 19:48 of 1st period - Jack Eichel wins face-off versus John Tavares in neutral zone. 19:58 of 1st period - Off-side. 19:59 of 1st period - Sam Bennett wins face-off versus Jeff Carter in neutral zone. Goals for this period are 1 for BANFF WOLVES vs 1 for ANAHEIM OUTLAWS. Shots for this period are 5 for BANFF WOLVES vs 18 for ANAHEIM OUTLAWS. 2nd period 0:01 of 2nd period - Jack Eichel wins face-off versus Sam Bennett in neutral zone. 0:01 of 2nd period - Jack Eichel is hit by Richard Panik. 0:27 of 2nd period - Shot by Jack Eichel. 0:27 of 2nd period - Deflect By Kevin Labanc. 0:27 of 2nd period - Stopped by Pekka Rinne with a rebound. 0:59 of 2nd period - Shot by Kevin Fiala. 0:59 of 2nd period - Shot Misses the Net. 1:01 of 2nd period - Shot by John Tavares. 1:01 of 2nd period - Shot Misses the Net. 1:03 of 2nd period - Shot by Patrik Nemeth. 1:03 of 2nd period - Stopped by Ilya Samsonov with a rebound. 1:32 of 2nd period - Sam Reinhart is hit by Kevin Connauton and loses puck. 1:44 of 2nd period - Kasperi Kapanen is hit by Josh Teves and loses puck. 1:46 of 2nd period - Minor Penalty to Kevin Connauton for Hooking. 1:47 of 2nd period - Antti Suomela wins face-off versus Adrian Kempe in BANFF WOLVES zone. 2:25 of 2nd period - Shot by Morgan Rielly. 2:25 of 2nd period - Stopped by Ilya Samsonov without a rebound. 2:26 of 2nd period - John Tavares wins face-off versus Jack Eichel in BANFF WOLVES zone. 2:29 of 2nd period - Shot by Sam Reinhart. 2:29 of 2nd period - Goal by Sam Reinhart - BANFF WOLVES : 1 - ANAHEIM OUTLAWS : 2. 2:30 of 2nd period - Jeff Carter wins face-off versus Sam Bennett in neutral zone. 2:35 of 2nd period - Shot by James van Riemsdyk. 2:35 of 2nd period - Shot Blocked by Jake Gardiner. 2:43 of 2nd period - Shot by Rocco Grimaldi. 2:43 of 2nd period - Shot Misses the Net. 3:37 of 2nd period - Shot by Adrian Kempe. 3:37 of 2nd period - Deflect By Jordan Staal. 3:37 of 2nd period - Stopped by Ilya Samsonov with a rebound. 3:55 of 2nd period - Shot by Jack Eichel. 3:55 of 2nd period - Shot Blocked by Keith Yandle. 3:57 of 2nd period - Shot by Nikita Gusev. 3:57 of 2nd period - Stopped by Pekka Rinne without a rebound. 3:58 of 2nd period - Mikael Backlund wins face-off versus John Tavares in ANAHEIM OUTLAWS zone. 4:27 of 2nd period - Shot by Roope Hintz. 4:27 of 2nd period - Shot Misses the Net. 4:29 of 2nd period - Shot by Alex Tuch. 4:29 of 2nd period - Goal by Alex Tuch - BANFF WOLVES : 2 - ANAHEIM OUTLAWS : 2. 4:30 of 2nd period - Frederik Gauthier wins face-off versus Jack Eichel in neutral zone. 4:32 of 2nd period - Keith Yandle is hit by Kevin Labanc and loses puck. 4:37 of 2nd period - Shot by Jack Eichel. 4:37 of 2nd period - Shot Misses the Net. 5:39 of 2nd period - Shot by Antti Suomela. 5:39 of 2nd period - Shot Hit the Post. 5:42 of 2nd period - Icing by Noah Hanifin. 5:43 of 2nd period - Mikael Backlund wins face-off versus Jordan Staal in ANAHEIM OUTLAWS zone. 5:44 of 2nd period - Shot by Alex Tuch. 5:44 of 2nd period - Deflect By Roope Hintz. 5:44 of 2nd period - Shot Misses the Net. 6:09 of 2nd period - Shot by Jordan Staal. 6:09 of 2nd period - Deflect By Kasperi Kapanen. 6:09 of 2nd period - Stopped by Ilya Samsonov with a rebound. 6:11 of 2nd period - Shot by Adrian Kempe. 6:11 of 2nd period - Shot Blocked by Mikhail Sergachev. 6:13 of 2nd period - Shot by Patrik Nemeth. 6:13 of 2nd period - Shot Blocked by Mikhail Sergachev. 6:45 of 2nd period - James van Riemsdyk is hit by Patrik Nemeth and loses puck. 6:53 of 2nd